 Dungeon Crawl Stone Soup version 0.25.1-1-g288607f5aa (webtiles) character file.

Game seed: 16688336694663722215

193833 Elvor the Peltast (level 17, -4/158 HPs)
             Began as a Minotaur Hunter on July 22, 2020.
             Was a High Priest of Okawaru.
             Slain by Kirke (7 damage)
             ... while paralysed by a sphinx
             ... on level 4 of the Lair of Beasts on July 24, 2020.
             The game lasted 08:42:32 (40556 turns).

Elvor the Peltast (Minotaur Hunter)                Turns: 40556, Time: 08:42:32

Health: -4/158     AC:  0    Str: 19 (22) XL:     17   Next: 65%
Magic:  17/22      EV:  3    Int:  6 (9)  God:    Okawaru [*****.]
Gold:   1636       SH:  0    Dex:  8 (12) Spells: 15/16 levels left

rFire    . . .     SeeInvis .     - Unarmed
rCold    . . .     Gourm    .   (shield currently unavailable)
rNeg     . . .     Faith    .   (armour currently unavailable)
rPois    .         Spirit   .   (helmet currently unavailable)
rElec    .         Reflect  +   (cloak currently unavailable)
rCorr    .         Harm     .   (gloves currently unavailable)
MR       +....                  (boots currently unavailable)
Stlth    +++.......             y - amulet of reflection
HPRegen  0.36/turn              (ring currently unavailable)
MPRegen  0.18/turn              (ring currently unavailable)

@: paralysed, pig-form, heroism, finesse, slowed, very quick
A: small, (retaliatory headbutt)
}: 1/15 runes: gossamer
a: Heroism, Finesse, Renounce Religion


You were on level 4 of the Lair of Beasts.
You worshipped Okawaru.
Okawaru was extremely pleased with you.
You were not hungry.
You were a filthy swine.
You visited 6 branches of the dungeon, and saw 29 of its levels.
You also visited: Sewer, Ossuary, Bailey and Ice Cave.

You collected 4276 gold pieces.
You spent 2640 gold pieces at shops.

Inventory:

Hand Weapons
 a - a +1 hand crossbow (melded)
 r - a +2 vorpal long sword
Missiles
 H - 5 silver boomerangs (quivered)
 N - 200 bolts
Armour
 z - the +1 cloak of Starlight (melded) {rElec rC+ EV+4 Stlth--}
   (You bought it in a shop on level 10 of the Dungeon)

   It affects your evasion (+4).
   It protects you from cold.
   It insulates you from electricity.
   It makes you much less stealthy.
 E - the +0 pair of boots of Dim Light (melded) {Dex+3}
   (Okawaru gifted it to you on level 6 of the Lair of Beasts)

   It affects your dexterity (+3).
 K - a +4 plate armour of positive energy (melded)
 L - the +10 tower shield of Ignorance (melded) {rN+ Int-4}
   (You found it on level 5 of the Dungeon)

   It affects your intelligence (-4).
   It protects you from negative energy.
 W - the +1 pair of gloves of Vosorod (melded) {+Fly}
   (You found it in a bailey)

   It lets you fly.
Jewellery
 j - a ring of protection from magic (melded)
 o - the ring "Tekkur" {rN+ Str+4}
   (You bought it in a shop on level 14 of the Dungeon)

   [ring of positive energy]

   It affects your strength (+4).
   It protects you from negative energy.
 y - an amulet of reflection (around neck)
 O - a +4 ring of protection (melded)
Wands
 c - a wand of acid (7)
 d - a wand of enslavement (6)
 e - a wand of polymorph (15)
 B - a wand of iceblast (23)
 P - a wand of paralysis (9)
 V - a wand of flame (6)
 X - a wand of digging (6)
 Y - a wand of disintegration (27)
Scrolls
 b - 3 scrolls of identify
 g - 4 scrolls of fear
 h - 3 scrolls of magic mapping
 k - 11 scrolls of remove curse
 n - 8 scrolls of enchant weapon
 p - 3 scrolls of blinking
 q - 5 scrolls of immolation
 s - a scroll of silence
 t - 15 scrolls of teleportation
 u - 10 scrolls of enchant armour
 F - a scroll of holy word
 G - 4 scrolls of fog
 M - 2 scrolls of summoning
Potions
 i - a potion of invisibility
 v - 5 potions of lignification
 x - 3 potions of might
 A - 7 potions of berserk rage
 I - 9 potions of brilliance
 Q - a potion of cancellation
 R - 2 potions of ambrosia
 S - 7 potions of curing
 T - 2 potions of flight
 U - a potion of haste
 Z - 7 potions of resistance
Comestibles
 f - 38 rations
 l - 11 chunks of flesh


   Skills:
 * Level 16.0(21.0) Fighting
   Level 7.1(15.6) Short Blades
 + Level 13.1(18.9) Long Blades
   Level 1.5(6.5) Axes
 * Level 13.5(18.5) Crossbows
 + Level 1.5(6.5) Throwing
 * Level 13.7(18.7) Armour
 + Level 7.1(12.1) Dodging
 - Level 3.3(8.3) Stealth
 + Level 19.7(24.7) Shields
 * Level 8.3 Invocations
 + Level 1.4 Evocations


You had 15 spell levels left.
You knew the following spells:

 Your Spells              Type           Power        Failure   Level  Hunger
a - Apportation           Tloc           #.....       45%         1    ##.....

Your spell library contained the following spells:

 Spells                   Type           Power        Failure   Level  Hunger
 Animate Skeleton         Necr           N/A          45%         1    ##.....
 Beastly Appendage        Tmut           #.....       45%         1    ##.....
 Corona                   Hex            #......      45%         1    ##.....
 Summon Small Mammal      Summ           #...         45%         1    ##.....
 Call Imp                 Summ           #.......     58%         2    ###....
 Ensorcelled Hibernation  Hex/Ice        #.....       58%         2    ###....
 Sticks to Snakes         Tmut           #.......     58%         2    ###....
 Call Canine Familiar     Summ           #.......     83%         3    ####...
 Confusing Touch          Hex            #.......     83%         3    ####...
 Dazzling Flash           Conj/Hex       #.....       83%         3    ####...
 Gell's Gravitas          Tloc           #.........   83%         3    ####...
 Spider Form              Tmut/Pois      #.........   83%         3    ####...
 Static Discharge         Conj/Air       #.......     83%         3    ####...
 Summon Guardian Golem    Hex/Summ       #.......     83%         3    ####...
 Tukima's Dance           Hex            #.......     83%         3    ####...
 Ice Form                 Ice/Tmut       #.......     99%         4    #####..
 Leda's Liquefaction      Hex/Erth       #.........   99%         4    #####..
 Petrify                  Tmut/Erth      #.......     99%         4    #####..
 Summon Ice Beast         Ice/Summ       #.......     99%         4    #####..
 Summon Lightning Spire   Summ/Air       #.......     99%         4    #####..
 Blade Hands              Tmut           #.........   100%        5    ######.
 Bolt of Magma            Conj/Fire/Erth #.........   100%        5    ######.
 Iskenderun's Battlesphe  Conj/Chrm      #.......     100%        5    ######.
 Lightning Bolt           Conj/Air       #.........   100%        5    ######.
 Metabolic Englaciation   Hex/Ice        #.........   100%        5    ######.
 Yara's Violent Unravell  Hex/Tmut       #.........   100%        5    ######.
 Iron Shot                Conj/Erth      #.........   100%        6    #######
 Statue Form              Tmut/Erth      #........    100%        6    #######
 Orb of Destruction       Conj           #.........   100%        7    #######
 Spellforged Servitor     Conj/Summ      #.........   100%        7    #######
 Ignition                 Fire           #.........   100%        8    #######
 Shatter                  Erth           #.........   100%        9    #######
 Tornado                  Air            #.........   100%        9    #######


Dungeon Overview and Level Annotations

Branches:
Dungeon (15/15)            Temple (1/1) D:6            Lair (6/6) D:8
 Shoals (1/4) Lair:4       Spider (4/4) Lair:3        Slime (0/5) Lair:5
    Orc (2/2) D:12            Elf (0/3) Orc:2        Vaults (0/5) D:13
 Depths (0/5) D:15          Sewer (visited)         Ossuary (visited)
 Bailey (visited)           IceCv (visited)

Altars:
Ashenzari
Cheibriados
Dithmenos
Elyvilon
Fedhas
Gozag
Hepliaklqana
Kikubaaqudgha
Makhleb
Nemelex Xobeh
Okawaru
Qazlal
Ru
Sif Muna
Trog
Uskayaw
Vehumet
Wu Jian
Xom
Yredelemnul
Zin
The Shining One
Jiyva

Shops:
D:10 [   D:14 *[(==   Orc:1 (   Orc:2 *}*}

Portals:
Trove: D:13 (show abyssal rune of Zot)

Annotations:
Lair:4 Kirke


Innate Abilities, Weirdness & Mutations

((You reflexively headbutt those who attack you in melee.))
((You have a pair of horns on your head.))


Message History

Kirke is heavily wounded.
Kirke hits you. The sphinx hits you!! You block the sphinx's attack.
The sphinx hits you! You block the manticore's attack. The manticore claws you!
The manticore claws you.
You can now deal lightning-fast blows.
The sphinx mumbles some strange words.
You suddenly lose the ability to move!
Kirke holds her sides and says, "You'll eat dirt beneath my feet."
Kirke completely misses you. The manticore bites you! The manticore claws you!
* * * LOW HITPOINT WARNING * * *
The manticore claws you!
* * * LOW HITPOINT WARNING * * *
The sphinx hits you.
* * * LOW HITPOINT WARNING * * *
The sphinx hits you!
* * * LOW HITPOINT WARNING * * *
The sphinx hits you.
* * * LOW HITPOINT WARNING * * *
Kirke hits you!
You die...

.P# #.....## ###
##......# P#
#......## ## #......#
# ##......# #
##.......#
#........###
#.....H.H#.#
#.....@h..##
##.....÷.÷.#
##.........##
#........###
#.......#####
##.......#...# ##
#.......#....## .##
###............P#
..###P..............#


You could see Kirke, a sphinx (summoned) and a manticore (summoned).

Vanquished Creatures
  The ghost of barcode the Fighter, an adept DsGl of Gozag (Spider:2)
  Roxanne (Spider:2)
  6 ghost moths
  An orc warlord (Orc:2)
  A frost giant (IceCv)
  5 emperor scorpions
  4 entropy weavers
  2 spark wasps
  Josephine (D:13)
  The ghost of qwasqaws the Severer, a journeyman MiBe of Trog (D:10)
  The ghost of kirsanium the Fighter, a journeyman MfHu of Nemelex Xobeh (Lair:2)
  8 vault guards (D:13)
  10 hydras
  12 two-headed ogres
  A two-headed ogre (shapeshifter) (D:13)
  6 centaur warriors
  2 ogre magi
  A vampire mage (D:15)
  A queen ant (Spider:1)
  A titan zombie (D:15)
  A tengu warrior (D:15)
  7 death yaks
  2 orc high priests (Orc:2)
  4 slime creatures
  The ghost of ProzacElf the Covert, a journeyman SpAE of Ru (D:11)
  A spectral entropy weaver (Spider:2)
  2 unseen horrors (D:15)
  5 skeletal warriors (D:15)
  The ghost of Xye the Slinger, a novice HaHu of Okawaru (D:7)
  A necromancer (D:15)
  5 orc knights
  A wolf spider zombie (D:14)
  10 orb spiders
  19 wolf spiders
  7 ugly things
  2 manticores
  4 oklob plants
  5 orc sorcerers (Orc:2)
  5 cyclopes
  13 elephants
  A guardian serpent (Lair:6)
  A moth of wrath (Spider:4)
  An ice statue (IceCv)
  10 black mambas
  16 spiny frogs
  3 torpor snails
  2 gargoyles
  A spectral redback (Spider:2)
  2 kobold demonologists (D:11)
  7 rime drakes
  A tengu conjurer (D:15)
  9 demonic crawlers
  A yaktaur (shapeshifter) (D:14)
  An efreet (D:15)
  5 komodo dragons
  2 wolf spider simulacra (Spider:2)
  A guardian mummy (D:15)
  15 hornets
  A harpy zombie (D:14)
  22 jumping spiders
  2 spectral jumping spiders (Spider:2)
  6 trolls
  A queen bee (Spider:3)
  21 polar bears
  3 meliai (Spider:3)
  A meliai zombie (D:15)
  A deep troll zombie (D:15)
  3 spectral tarantellas (Spider:2)
  A dream sheep (Lair:6)
  An ice dragon zombie (D:15)
  22 blink frogs
  16 hippogriffs
  27 tarantellas
  A spriggan (D:9)
  A shadow (D:11)
  22 wyverns
  68 redbacks
  5 wraiths
  Eustachio (D:5)
  7 hogs (Lair:4)
  49 yaks
  A steam dragon (D:8)
  2 basilisks
  A hog (shapeshifter) (D:14)
  Grum (D:8)
  A hungry ghost (D:13)
  Menkaure (Ossuary)
  2 wargs
  3 soldier ants
  An acid dragon (D:15)
  14 water moccasins
  A tengu skeleton (D:15)
  4 porcupines
  Duvessa (D:5)
  15 ice beasts
  28 orc warriors
  A jumping spider simulacrum (Spider:2)
  2 necrophages
  A swamp drake (D:12)
  3 phantoms
  A hornet zombie (D:9)
  6 sky beasts
  A black bear (D:9)
  2 eyes of draining
  17 wolves
  15 ogres
  11 crocodiles
  27 centaurs
  4 big kobolds
  Blork the orc (D:5)
  23 bullfrogs
  A gnoll sergeant (D:11)
  Dowan (D:5)
  A wyvern skeleton (D:12)
  5 scorpions
  30 killer bees
  17 wights
  8 howler monkeys
  8 electric eels
  5 crimson imps
  3 jellies
  8 hounds
  4 quasits
  4 centaur skeletons
  5 centaur zombies
  17 orc priests
  Crazy Yiuf (D:6)
  3 bullfrog skeletons
  23 orc wizards
  3 iguanas
  Terence (D:2)
  17 worker ants
  A statue (D:8)
  Ijyb (D:3)
  A bullfrog simulacrum (D:10)
  2 centaur simulacra (D:10)
  A hound zombie (D:10)
  2 hound skeletons
  4 mummies
  2 river rats (Sewer)
  10 adders
  9 gnolls
  2 shadow imps
  3 white imps (D:10)
  2 adder skeletons
  An adder zombie (D:9)
  2 worms
  4 dart slugs
  3 leopard geckos
  77 orcs
  6 giant cockroaches
  4 gnoll zombies (Ossuary)
  8 goblins
  11 hobgoblins
  12 jackals
  7 quokkas
  13 ball pythons
  13 bats
  10 frilled lizards
  4 gnoll skeletons (Ossuary)
  5 goblin skeletons (Ossuary)
  2 goblin zombies (Ossuary)
  5 hobgoblin skeletons (Ossuary)
  8 hobgoblin zombies
  44 kobolds
  2 kobold skeletons (Ossuary)
  6 kobold zombies
  2 leopard gecko skeletons
  6 orc skeletons (Ossuary)
  4 orc zombies (Ossuary)
  A quokka skeleton (D:5)
  33 rats
  2 rat skeletons (Ossuary)
  2 rat zombies (Ossuary)
  4 fungi (Lair:3)
  14 plants
  5 withered plants (D:15)
1239 creatures vanquished.

Vanquished Creatures (collateral kills)
  A worker ant (D:9)
1 creature vanquished.

Vanquished Creatures (others)
  A wolf spider (Spider:4)
  2 wolves (IceCv)
  A rat skeleton (Ossuary)
  A rat zombie (Ossuary)
  A bush (Lair:6)
  8 fungi
  12 plants
  11 toadstools (Lair:3)
  2 withered plants (D:11)
39 creatures vanquished.

Grand Total: 1279 creatures vanquished

Notes
Turn   | Place    | Note
-------+----------+-------------------------------------------
     0 | D:1      | Elvor the Minotaur Hunter began the quest for the Orb.
     0 | D:1      | Reached XP level 1. HP: 18/18 MP: 0/0
   265 | D:1      | Reached XP level 2. HP: 25/25 MP: 1/1
   398 | D:1      | Reached skill level 5 in Crossbows
   689 | D:1      | Reached XP level 3. HP: 30/30 MP: 2/2
  1285 | D:2      | Reached skill level 1 in Armour
  1508 | D:2      | Reached skill level 1 in Short Blades
  1508 | D:2      | Reached skill level 1 in Stealth
  1508 | D:2      | Reached XP level 4. HP: 13/37 MP: 3/3
  1509 | D:2      | Noticed Terence
  1542 | D:2      | Killed Terence
  1983 | D:3      | Found a hazy altar of Hepliaklqana.
  2080 | D:3      | Reached XP level 5. HP: 30/44 MP: 4/4
  2342 | D:3      | Noticed Ijyb
  2351 | D:3      | Killed Ijyb
  2374 | D:3      | Found a glowing drain.
  2401 | Sewer    | Entered a sewer
  2707 | Sewer    | Reached XP level 6. HP: 45/52 MP: 5/5
  3589 | D:4      | Found a sand-covered staircase.
  3595 | Ossuary  | Entered an ossuary
  3891 | Ossuary  | Noticed Menkaure
  3907 | Ossuary  | Killed Menkaure
  3907 | Ossuary  | Reached XP level 7. HP: 13/60 MP: 6/6
  4057 | D:4      | Found a glowing silver altar of Zin.
  4058 | D:4      | Noticed an angel
  4061 | D:4      | Found a shimmering altar of Xom.
  4504 | D:5      | Entered Level 5 of the Dungeon
  4611 | D:5      | Noticed Blork the orc
  4631 | D:5      | Killed Blork the orc
  4631 | D:5      | Reached skill level 5 in Fighting
  4683 | D:5      | Found the +10 tower shield of Ignorance {rN+ Int-4}
  4703 | D:5      | Reached XP level 8. HP: 23/69 MP: 7/7
  4781 | D:5      | Noticed Eustachio
  4829 | D:5      | Killed Eustachio
  4829 | D:5      | Reached skill level 2 in Shields
  4928 | D:5      | Reached skill level 3 in Shields
  5145 | D:5      | Reached skill level 5 in Short Blades
  5153 | D:5      | Noticed Dowan
  5156 | D:5      | Noticed Duvessa
  5436 | D:5      | Killed Duvessa
  5436 | D:5      | Reached skill level 4 in Shields
  5442 | D:5      | Killed Dowan
  5616 | D:6      | Reached skill level 5 in Shields
  5650 | D:6      | Found a staircase to the Ecumenical Temple.
  5660 | Temple   | Entered the Ecumenical Temple
  5987 | D:6      | Reached XP level 9. HP: 74/79 MP: 8/8
  6014 | D:6      | Found a bloodstained altar of Trog.
  6484 | D:6      | Reached skill level 6 in Shields
  6540 | D:6      | Found a runed translucent door.
  6541 | D:6      | Noticed Crazy Yiuf
  6548 | D:6      | Killed Crazy Yiuf
  6913 | D:6      | Reached skill level 5 in Dodging
  7005 | D:7      | Reached skill level 7 in Shields
  7011 | D:7      | Found a sacrificial altar of Ru.
  7041 | D:7      | Found a shimmering blue altar of Sif Muna.
  7311 | D:7      | Found a white marble altar of Elyvilon.
  7340 | D:7      | Found a runed translucent door.
  7340 | D:7      | Noticed Xye's ghost (novice HaHu)
  7552 | D:8      | Found a radiant altar of Vehumet.
  7577 | D:8      | Found a radiant altar of Vehumet.
  7581 | D:8      | Found a sparkling altar of Nemelex Xobeh.
  7642 | D:8      | Found a radiant altar of Vehumet.
  7711 | D:8      | Reached skill level 1 in Long Blades
  7711 | D:8      | Reached skill level 5 in Armour
  7756 | D:8      | Reached XP level 10. HP: 84/88 MP: 9/9
  7784 | D:8      | Found a staircase to the Lair.
  7978 | D:8      | Noticed Grum
  8014 | D:8      | Killed Grum
  8248 | D:7      | Killed Xye's ghost
  8248 | D:7      | Reached skill level 8 in Shields
  8283 | D:9      | Found a glowing golden altar of the Shining One.
  8369 | D:9      | Found an ancient bone altar of Kikubaaqudgha.
  8399 | D:9      | Found a shattered altar of Ashenzari.
  8616 | D:9      | Reached skill level 9 in Shields
  8730 | D:9      | Found a bloodstained altar of Trog.
  8732 | D:9      | Found an iron altar of Okawaru.
  8733 | D:9      | Found a blossoming altar of Fedhas.
  8738 | D:9      | Became a worshipper of Warmaster Okawaru
  9394 | D:10     | Entered Level 10 of the Dungeon
  9621 | D:10     | Noticed a two-headed ogre
  9644 | D:9      | Reached * piety under Okawaru
  9825 | D:8      | Killed a two-headed ogre
  9825 | D:8      | Reached skill level 5 in Long Blades
  9825 | D:8      | Reached skill level 10 in Shields
  9999 | D:10     | Found a runed translucent gate.
  9999 | D:10     | Found a runed translucent gate.
  9999 | D:10     | Found a runed translucent gate.
 10017 | D:10     | Noticed qwasqaws's ghost (journeyman MiBe)
 10161 | D:10     | Reached skill level 1 in Throwing
 10175 | D:10     | Reached XP level 11. HP: 89/97 MP: 10/10
 10194 | D:10     | Found Qanediargh's Armour Shop.
 10599 | D:10     | Reached ** piety under Okawaru
 10645 | D:10     | Bought a +1 pair of gloves for 149 gold pieces
 11159 | D:11     | Reached skill level 11 in Shields
 11174 | D:11     | Found a runed translucent door.
 11174 | D:11     | Noticed ProzacElf's ghost (journeyman SpAE)
 11380 | D:11     | Reached skill level 1 in Invocations
 11656 | D:11     | Noticed a soul eater
 11871 | D:11     | Reached skill level 10 in Fighting
 12626 | D:10     | Reached *** piety under Okawaru
 12754 | D:10     | Killed qwasqaws's ghost
 12828 | D:10     | Got the ring of Noon {Fire}
 12840 | D:10     | Identified the ring of Noon {Fire rElec Str-4 Stlth+} (You
                  | found it on level 10 of the Dungeon)
 13050 | D:11     | Killed ProzacElf's ghost
 13457 | D:12     | Reached skill level 12 in Shields
 13463 | D:12     | Found a staircase to the Orcish Mines.
 13484 | D:12     | Received a gift from Okawaru
 14039 | D:12     | Reached XP level 12. HP: 107/107 MP: 13/13
 14112 | D:12     | Reached **** piety under Okawaru
 14306 | D:12     | Found a radiant altar of Vehumet.
 14366 | D:12     | Received a gift from Okawaru
 14842 | Lair:1   | Entered Level 1 of the Lair of Beasts
 16035 | Lair:2   | Found a runed translucent gate.
 16038 | Lair:2   | Found a runed translucent gate.
 16076 | Lair:2   | Found a runed translucent gate.
 16080 | Lair:2   | Noticed kirsanium's ghost (journeyman MfHu)
 16105 | Lair:2   | Reached skill level 13 in Shields
 16519 | Lair:2   | Noticed a five-headed hydra
 16543 | Lair:2   | Killed a five-headed hydra
 16543 | Lair:2   | Reached ***** piety under Okawaru
 16543 | Lair:2   | Reached skill level 1 in Evocations
 17035 | Lair:3   | Found a frozen archway.
 17130 | IceCv    | Entered an ice cave
 18319 | IceCv    | Received a gift from Okawaru
 18355 | IceCv    | Reached XP level 13. HP: 116/116 MP: 14/14
 18410 | IceCv    | Reached skill level 14 in Shields
 18656 | IceCv    | Noticed a frost giant
 18719 | IceCv    | Killed a frost giant
 18947 | Lair:3   | Found a blossoming altar of Fedhas.
 19315 | Lair:3   | Found a hole to the Spider Nest.
 19454 | Lair:3   | Found a glowing golden altar of the Shining One.
 19576 | Lair:3   | Got a brightly glowing quarterstaff
 19577 | Lair:3   | Identified the +5 quarterstaff of Hyngosef {flame, *Rage
                  | rElec rC++ Dex-5} (You found it on level 3 of the Lair of
                  | Beasts)
 19620 | Lair:3   | Received a gift from Okawaru
 19892 | Lair:4   | You fall into a shaft and drop 2 floors!
 19892 | Lair:6   | Entered Level 6 of the Lair of Beasts
 19905 | Lair:6   | Received a gift from Okawaru
 19917 | Lair:6   | Reached skill level 10 in Crossbows
 19962 | Lair:6   | Received a gift from Okawaru
 20029 | Lair:5   | Reached skill level 15 in Shields
 20111 | Lair:5   | Received a gift from Okawaru
 20117 | Lair:5   | Got a steaming chain mail {god gift}
 20128 | Lair:5   | Identified the +5 chain mail of Card Tricks {Harm rF++
                  | Slay-6 SInv} (Okawaru gifted it to you on level 5 of the
                  | Lair of Beasts)
 20174 | Lair:5   | Reached ****** piety under Okawaru
 20414 | Lair:4   | Reached skill level 10 in Long Blades
 20628 | Lair:4   | Found a staircase to the Shoals.
 20740 | Lair:4   | Got a bloodstained leather armour
 20751 | Lair:4   | Identified the +3 leather armour of Orthodoxy {Str+4} (You
                  | found it on level 4 of the Lair of Beasts)
 21621 | Lair:5   | Reached XP level 14. HP: 103/126 MP: 15/15
 21684 | Lair:5   | Found a viscous altar of Jiyva.
 21685 | Lair:5   | Found a staircase to the Slime Pits.
 22427 | Lair:6   | Reached skill level 10 in Armour
 22899 | Lair:6   | Reached skill level 16 in Shields
 23263 | Lair:6   | Received a gift from Okawaru
 23529 | Lair:6   | Received a gift from Okawaru
 23765 | Lair:6   | Paralysed by a hornet for 2 turns
 23973 | Lair:6   | Received a gift from Okawaru
 24657 | Lair:6   | Received a gift from Okawaru
 24658 | Lair:6   | Got a pair of fine boots {god gift}
 24670 | Lair:6   | Identified the +0 pair of boots of Dim Light {Dex+3}
                  | (Okawaru gifted it to you on level 6 of the Lair of Beasts)
 25046 | Lair:2   | Killed kirsanium's ghost
 25273 | Orc:1    | Entered Level 1 of the Orcish Mines
 25273 | Orc:1    | Found Cast's Weapon Boutique.
 25616 | Orc:1    | Reached XP level 15. HP: 59/136 MP: 17/17
 25747 | Orc:2    | Entered Level 2 of the Orcish Mines
 26122 | Orc:2    | Noticed an orc warlord
 26309 | Orc:2    | Reached skill level 17 in Shields
 26453 | Orc:2    | Paralysed by an orc sorcerer for 2 turns
 26458 | Orc:2    | Killed an orc warlord
 26948 | Orc:2    | Found a staircase to the Elven Halls.
 27197 | Orc:2    | Reached skill level 5 in Invocations
 27368 | Orc:2    | Found Uxkat's Gadget Shoppe.
 27368 | Orc:2    | Found Etzepi's General Store.
 27370 | Orc:2    | Found Cimod's Gadget Boutique.
 27370 | Orc:2    | Found Yrut's General Store.
 27436 | Orc:2    | Bought a wand of digging (6) for 340 gold pieces
 27446 | Orc:2    | Bought a potion of resistance for 140 gold pieces
 27446 | Orc:2    | Bought a scroll of identify for 28 gold pieces
 27449 | Orc:2    | Bought a scroll of identify for 32 gold pieces
 27449 | Orc:2    | Bought a potion of curing for 48 gold pieces
 27449 | Orc:2    | Bought a potion of curing for 48 gold pieces
 27450 | Orc:2    | Bought 2 scrolls of fear for 112 gold pieces
 27939 | D:13     | Received a gift from Okawaru
 28153 | D:13     | Received a gift from Okawaru
 28247 | D:13     | Found a portal to a secret trove of treasure.
 28462 | D:13     | Received a gift from Okawaru
 28518 | D:13     | Found a gate to the Vaults.
 28739 | D:13     | Noticed Josephine
 28775 | D:13     | Reached skill level 1 in Axes
 28784 | D:13     | Killed Josephine
 29089 | D:14     | Found a flagged portal.
 29098 | Bailey   | Entered a bailey
 29205 | Bailey   | Found a burning altar of Makhleb.
 29215 | Bailey   | Got a pair of faintly humming gloves
 29273 | Bailey   | Identified a scroll of acquirement
 29400 | D:14     | Found Tutevyto's Antique Weapon Shoppe.
 29402 | D:14     | Found Xadonigh's Armour Shop.
 29441 | D:14     | Found Ginu Kic's Assorted Antiques.
 29489 | D:14     | Received a gift from Okawaru
 29502 | D:14     | Got a shimmering arbalest {god gift}
 29513 | D:14     | Identified the +1 pair of gloves of Vosorod {+Fly} (You
                  | found it in a bailey)
 29518 | D:14     | Identified the +5 arbalest of Power {penet, +Fly Int+6
                  | SInv} (Okawaru gifted it to you on level 14 of the Dungeon)
 29576 | D:14     | Bought a potion of flight for 90 gold pieces
 29576 | D:14     | Bought a scroll of enchant armour for 225 gold pieces
 29588 | D:14     | Bought a scroll labeled BOGOASHI JEREF for 30 gold pieces
 29628 | D:14     | Found Doravvocw's Jewellery Boutique.
 29635 | D:14     | Bought the ring "Tekkur" {rN+ Str+4} for 495 gold pieces
 29825 | D:14     | Found Ecseakk's Jewellery Boutique.
 30304 | D:15     | Entered Level 15 of the Dungeon
 30597 | D:15     | Reached XP level 16. HP: 147/147 MP: 19/19
 30663 | D:15     | Reached skill level 18 in Shields
 30669 | D:15     | Received a gift from Okawaru
 30781 | D:15     | Found a staircase to the Depths.
 30903 | D:15     | Received a gift from Okawaru
 31461 | D:15     | Received a gift from Okawaru
 31788 | D:15     | Acquired 640 gold pieces
 31968 | D:10     | Bought the +1 cloak of Starlight {rElec rC+ EV+4 Stlth--}
                  | for 578 gold pieces
 31968 | D:10     | Found the +1 cloak of Starlight {rElec rC+ EV+4 Stlth--}
 32723 | Spider:1 | Entered Level 1 of the Spider Nest
 33122 | Spider:1 | Reached skill level 15 in Fighting
 33278 | Spider:1 | You fall into a shaft and drop 1 floor!
 33339 | Spider:2 | Noticed Roxanne
 33485 | Spider:1 | Learned a level 1 spell: Apportation
 33766 | Spider:1 | Received a gift from Okawaru
 35123 | Spider:2 | Found a runed translucent gate.
 35123 | Spider:2 | Found a runed translucent gate.
 35124 | Spider:2 | Found a runed translucent gate.
 35126 | Spider:2 | Noticed barcode's ghost (adept DsGl)
 35301 | Spider:2 | Killed barcode's ghost
 35433 | Spider:2 | Killed Roxanne
 35433 | Spider:2 | Received a gift from Okawaru
 36208 | Spider:4 | Entered Level 4 of the Spider Nest
 36275 | Spider:3 | Reached XP level 17. HP: 151/156 MP: 21/21
 36700 | Spider:4 | Reached skill level 19 in Shields
 36752 | Spider:4 | Received a gift from Okawaru
 36753 | Spider:4 | Got an ivory hand crossbow {god gift}
 36774 | Spider:4 | Identified the +0 hand crossbow of Departure {elec, *Slow
                  | rC+ Str+5 Int-4} (Okawaru gifted it to you on level 4 of
                  | the Spider Nest)
 38244 | Spider:4 | Received a gift from Okawaru
 38281 | Spider:4 | Got a heavily runed scale mail {god gift}
 38292 | Spider:4 | Identified the +0 scale mail of Amelioration {MP+9 Str+4}
                  | (Okawaru gifted it to you on level 4 of the Spider Nest)
 39565 | Spider:4 | Got a gossamer rune of Zot
 40073 | D:14     | Bought an uncursed ring of protection from magic for 325
                  | gold pieces
 40478 | Shoals:1 | Entered Level 1 of the Shoals
 40478 | Shoals:1 | Noticed Kirke
 40556 | Lair:4   | Paralysed by a sphinx for 6 turns
 40556 | Lair:4   | HP: 3/158 [sphinx[Kirke] (5)]
 40556 | Lair:4   | Slain by Kirke

Illustrated notes

Levels and vault maps discovered:
D:1:      saegor_arrival_simple_b, layout_basic
D:2:      layout_basic, uniq_terence
D:3:      layout_basic, lemuel_crystal_altar, portal_sewer_entry_a,
          roderic_batcave, serial_park_tiny_pond, uniq_ijyb
D:4:      layout_basic, grunt_temple_overflow_order_and_chaos_1,
          nicolae_ossuary_entry_giza, first_ration
D:5:      layout_basic, uniq_duvessa, uniq_blork_the_orc, uniq_eustachio
D:6:      layout_cave_pods, minmay_temple_entry_offerings, serial_column_ruins,
          column_ruins_open_small, column_ruins_open_tiny,
          column_ruins_open_medium, column_ruins_open_tiny_water,
          trog_three_pillars_becter, uniq_crazy_yiuf_cottage
D:7:      layout_basic, nicolae_ru_sacrificial_ziggurat, elyvilon_altar_5,
          hellmonk_ghost_happy_afterlife, lemuel_blue_sif_altar
D:8:      layout_rooms, nemelex_xobeh_ov_fountains_minmay, vehumet_statue,
          erik_lair_dragon, basic_altar, vehumet_altar_wand_db, uniq_grum
D:9:      layout_loops_corners, lemuel_round_altar, lemuel_doored_altar,
          grunt_temple_overflow_open, overflow_temple_1_default, the_bakery
D:10:     layout_big_octagon, gammafunk_ghost_icy, serial_shops, shop,
          minmay_holes, nicolae_wwwww
D:11:     layout_roguey, gammafunk_ghost_grave, serial_glass, glass_columns_b,
          glass_columns_a
D:12:     layout_long_grid, erik_orc_1, basic_altar, nicolae_benzene_ring
D:13:     layout_loops_ring, erik_vaults_2, nicolae_trove_entry_diagonal,
          uniq_josephine
D:14:     layout_loops_ring, minmay_misc_feat_roman, enter_bailey_8,
          serial_shops, nicolae_shop_temple_entry_statues_fountains,
          nicolae_shop_waterfront, nicolae_shop_behind_doors, shop, shop
D:15:     gammafunk_depths_entry_grave, layout_grid_maze,
          chequers_serial_rivers_micro_a
Temple:   pf_slime_end_temple
Lair:1:   layout_cave_pods, grunt_megastairs_3
Lair:2:   layout_chaotic_city, ebering_ghost_rock_garden, serial_bayou_shore_b
Lair:3:   layout_misc_corridors, spider_nest_entry_web_field, basic_altar,
          portal_ice_cave_entry_ice_beasts, tgw_fedhas, lemuel_fruit_fields
Lair:4:   layout_cave_pods, minmay_shoals_entry_beasts, serial_bayou_shore_a
Lair:5:   layout_misc_corridors, slime_altar_1, chequers_serial_rivers_small_b,
          grunt_megastairs_4
Lair:6:   hangedman_lair_tendril_chambers, layout_gridlike,
          cheibrodos_lair_lostbears, minmay_lair_oklob_chamber
Shoals:1: gammafunk_the_bubble [the_bubble_gammafunk_split], layout_shoals,
          uniq_kirke, uniq_louise
Spider:1: layout_spider_delve, nicolae_spider_ant_collections
Spider:2: layout_spider_delve, gammafunk_ghost_necromancy, uniq_roxanne
Spider:3: layout_spider_delve, special_room [special_room_bee], drop_trap,
          nicolae_spider_circle_web
Spider:4: spider_rune_water, nicolae_spider_cling_ruins
Orc:1:    layout_caves, serial_shops, nicolae_shop_window_shopping
Orc:2:    st_orc_elflike, layout_diamond_mine

Skill      XL: |  1  2  3  4  5  6  7  8  9 10 11 12 13 14 15 16 17 |
---------------+----------------------------------------------------+-----
Crossbows      | 5 6 7 9 10 11 12 13 | 13.5
Armour         | 1 2 3 4 5 7 8 9 10 11 12 13 | 13.7
Short Blades   | 1 2 3 4 5 7 |  7.1
Stealth        | 1 2 3 |  3.3
Fighting       | 3 4 5 7 8 9 10 11 12 13 14 15 16 | 16.0
Dodging        | 3 4 5 6 7 |  7.1
Shields        | 5 7 10 12 13 15 16 17 18 19 | 19.7
Long Blades    | 1 5 7 8 10 11 12 13 | 13.1
Throwing       | 1 |  1.5
Invocations    | 3 4 6 7 8 |  8.3
Evocations     | 1 |  1.4
Axes           | 1 |  1.5

Action                   |  1- 3 |  4- 6 |  7- 9 | 10-12 | 13-15 | 16-18 || total
-------------------------+-------+-------+-------+-------+-------+-------++-------
Melee: Short sword       |    53 |   328 |   154 |       |       |       ||   535
       Headbutt          |    12 |    50 |    86 |   263 |   615 |   445 ||  1471
       Rapier            |       |       |   259 |       |       |       ||   259
       Long sword        |       |       |    74 |  1466 |  2360 |  1372 ||  5272
       War axe           |       |       |       |       |    28 |       ||    28
       Unarmed           |       |       |       |       |       |    14 ||    14
       Hand crossbow     |       |       |       |       |       |     6 ||     6
 Fire: Hand crossbow     |    38 |    56 |    74 |   292 |   508 |   296 ||  1264
Throw: Dart              |     2 |       |    13 |     4 |       |       ||    19
       Boomerang         |       |       |       |    18 |     7 |     8 ||    33
Invok: Heroism           |       |       |       |    14 |    16 |     9 ||    39
       Finesse           |       |       |       |       |     6 |     8 ||    14
Evoke: Wand              |       |       |     6 |    27 |    12 |     5 ||    50
       Box of beasts     |       |       |       |     1 |       |       ||     1
  Use: Potion            |       |     4 |     2 |     6 |     8 |     9 ||    29
       Scroll            |       |     3 |     5 |    15 |    14 |    11 ||    48
 Stab: Paralysed         |       |       |    10 |    14 |       |       ||    24
  Eat: Chunk             |     2 |     7 |     4 |    20 |    19 |     6 ||    58
       Ration            |       |     1 |     2 |     5 |     7 |     8 ||    23
Armor: Leather armour    |    10 |     1 |       |       |       |       ||    11
       Scale mail        |       |   137 |   172 |   180 |       |       ||   489
       Chain mail        |       |     3 |       |       |       |   469 ||   472
       Plate armour      |       |       |       |    80 |   492 |    94 ||   666
Dodge: Dodged            |    32 |   158 |   113 |   169 |   200 |   431 ||  1103
Block: Tower shield      |       |       |   466 |  1746 |  3059 |  2338 ||  7609
       Reflection        |       |       |       |     7 |   103 |    21 ||   131
       Other             |       |       |       |       |       |     3 ||     3
       Rpst.: Long sword |       |       |     1 |    39 |    33 |    78 ||   151
